 Dungeon Crawl Stone Soup version 0.31-a0-1439-g542172135e (webtiles) character file.

Game seed: 2970580994651808790

92 Swomperka the Grasshopper (level 4, -5/6 HPs)
             Began as a Naga Warper on Dec 27, 2023.
             Slain by a gnoll
             ... wielding a +0 spear
              (11 damage)
             ... on level 4 of the Dungeon on Jan 7, 2024.
             The game lasted 00:05:21 (2970 turns).

Swomperka the Grasshopper (Naga Warper)             Turns: 2970, Time: 00:05:21

Health: -5/6       AC:  1    Str: 23    XL:     4   Next: 60%
Magic:  8/8        EV:  7    Int: 16    God:
Gold:   96         SH:  0    Dex: 10    Spells: 6/8 levels left

rFire   + + .        a - melded +0 spear
rCold   x . .        r - melded +0 buckler
rNeg    . . .        b - melded +0 leather armour
rPois   +            (helmet currently unavailable)
rElec   .            (cloak currently unavailable)
rCorr   .            (gloves currently unavailable)
SInv    +            (no barding)
Will    .....        (no amulet)
Stlth   +            (no ring)
HPRegen 0.21/turn    (no ring)
MPRegen 0.11/turn

%: no passive effects
@: dragon-form, flying
A: dragon claw, dragon scales, breathe fire, flying, reduced hp, AC +1, giant,
see invisible, (deformed body), (poison resistance), (slowness 2), spit poison
1, (naga tail 1)
a: Spit Poison, Breathe Fire, Begin Untransformation


You were on level 4 of the Dungeon.
You were a fearsome dragon!
You visited 1 branch of the dungeon, and saw 4 of its levels.

You collected 96 gold pieces.

Inventory:

Hand Weapons
 a - a +0 spear (melded)
Missiles
 d - 6 darts of dispersal
 l - 2 datura-tipped darts
 o - 6 poisoned darts
Armour
 b - a +0 leather armour (melded)
 r - a +0 buckler (melded)
Magical Staves
 i - a staff of cold
Talismans
 t - a dragon-blood talisman (active)
Scrolls
 c - a scroll of blinking
 e - 3 scrolls of identify {unknown}
 h - a scroll of teleportation {unknown}
 k - a scroll of poison {unknown}
 q - a scroll of silence {unknown}
 s - 4 scrolls of amnesia {unknown}
Potions
 f - 2 potions of mutation {unknown}
 g - 3 potions of curing {unknown}
 j - 2 potions of might {unknown}
 m - a potion of attraction {unknown}
 n - a potion of resistance {unknown}
 p - a potion of ambrosia {unknown}


   Skills:
 - Level 2.8 Fighting
 - Level 2.0 Polearms
 - Level 0.8 Throwing
 - Level 0.7 Armour
 - Level 1.5 Dodging
 + Level 2.9 Spellcasting
 * Level 4.1 Translocations


You had 6 spell levels left.
You knew the following spells:

 Your Spells              Type           Power      Damage    Failure   Level
a - Blink                 Tloc           30%        N/A       5%          2

Your spell library contained the following spells:

 Spells                   Type           Power      Damage    Failure   Level
 Lesser Beckoning         Tloc           30%        N/A       5%          2
 Teleport Other           Tloc           15%        N/A       11%         3
 Freeze                   Ice            8%         1d3       19%         1
 Sting                    Conj/Alch      8%         1d3       19%         1
 Mercury Vapours          Alch/Air       4%         N/A       28%         2
 Manifold Assault         Tloc           15%        N/A       34%         4
 Frozen Ramparts          Ice            4%         1d1       50%         3
 Hailstorm                Conj/Ice       2%         3d5       50%         3
 Mephitic Cloud           Conj/Alch/Air  2%         N/A       50%         3
 Vhi's Electric Charge    Tloc/Air       16%        N/A       63%         4
 Olgreb's Toxic Radiance  Alch           2%         N/A       88%         4
 Plasma Beam              Fire/Air       1%         2x1d11    100%        6
 Chain Lightning          Conj/Air       1%         3d1       100%        9


Dungeon Overview and Level Annotations

Branches:
Dungeon (4/15)
 Temple: D:4-7

Altars:

Shops:
D:2 [   D:3 !


Innate Abilities, Weirdness & Mutations

You are a fearsome dragon!
You have a powerful clawing attack.
Your giant scaled body is strong and resilient, but less evasive.
You can breathe fire.
You are flying.
Your maximum health is decreased, since you lack skill for your form.
Your armour is entirely melded.
You are incapable of wielding weapons or throwing items.
((Your serpentine skin is tough. (AC +1)))
You have supernaturally acute eyesight. (SInv)
((Armour fits poorly on your strangely shaped body.))
((Your system is resistant to poisons. (rPois)))
((You cover ground very slowly.))
You can spit poison.
((You have a snake-like lower body.))


Message History

You are too injured to fight recklessly!
A kobold comes into view. It is wielding a +0 dagger.
The goblin barely misses you. The gnoll attacks as it pursues you!
The gnoll hits you from afar with a +0 spear!
* * * LOW HITPOINT WARNING * * *
The goblin attacks as it pursues you! The goblin hits you with a +0 club.
* * * LOW HITPOINT WARNING * * *
There is a stone staircase leading up here.
The gnoll hits you from afar with a +0 spear.
* * * LOW HITPOINT WARNING * * *
You block the goblin's attack.
You climb upwards.
There is a stone staircase leading down here.
Aiming: Spit Poison (1% risk of failure)
Press: ? - help, Shift-Dir - straight line, f - goblin
Aim: a goblin, wielding a +0 club (moderately wounded, 50% to hit)
The splash of poison hits the goblin.
The goblin is poisoned.
The goblin is severely wounded.
The goblin hits you with a +0 club.
* * * LOW HITPOINT WARNING * * *
You closely miss the goblin.
The goblin is severely wounded.
You kill the goblin!
You start resting.
You have got your breath back.
You start resting.
HP restored.
You start waiting.
Done waiting.
You begin transforming.
You continue transforming. x3
You turn into a fearsome dragon!
Your +0 spear melds into your body.
Your +0 buckler melds into your body.
Your +0 leather armour melds into your body.
HP restored.
Unknown command.
You fly downwards.
The gnoll hits you from afar with a +0 spear!
Ouch! That really hurt!
You die...

##########
#........#
#........#
#........#######
#....÷...##....#
#....D..# #....#
###.....# #.§..#
#...g.# #§§§.#
#.....# #.§..#
.............§.#
###...........D..#
#..#...........#
#.##...........#
#. ##.#...K....#


You could see a gnoll.

Vanquished Creatures
  An orc priest (D:4)
  An adder (D:3)
  A worm (D:2)
  A dart slug (D:3)
  5 ball pythons
  4 endoplasms
  A giant cockroach (D:3)
  5 goblins
  5 hobgoblins
  6 quokkas
  5 bats
  4 frilled lizards
  2 kobolds (D:2)
  4 rats
45 creatures vanquished.

Notes
Turn   | Place    | Note
-------+----------+-------------------------------------------
     0 | D:1      | Swomperka the Naga Warper began the quest for the Orb.
     0 | D:1      | Reached XP level 1. HP: 19/19 MP: 3/3
   246 | D:1      | Reached XP level 2. HP: 26/26 MP: 5/5
   819 | D:2      | Learned a level 2 spell: Blink
  1047 | D:2      | Reached XP level 3. HP: 33/33 MP: 6/6
  1182 | D:2      | Found Oshrihew's Armour Emporium.
  1860 | D:3      | Found Gexan's Distillery.
  2429 | D:3      | Got the Folio of Austromancy
  2465 | D:3      | Reached XP level 4. HP: 38/40 MP: 8/8
  2520 | D:4      | Reached skill level 4 in Translocations
  2673 | D:4      | Noticed a steam dragon
  2970 | D:4      | Slain by a gnoll

Illustrated notes

Levels and vault maps discovered:
D:1:      eino_arrival_druids_welcome, layout_basic
D:2:      layout_loops_corners, serial_shops, nicolae_shop_statue_plus
D:3:      layout_loops_cross, serial_shops, nicolae_shop_peninsula,
          chequers_serial_rivers_small_a
D:4:      layout_rooms, lemuel_zombie_altar_yredelemnul, nrook_uturn,
          minmay_circle_x

Skill      XL: |  1  2  3  4 |
---------------+-------------+-----
Translocations | 4 |  4.1
Fighting       | |  2.8
Polearms       | |  2.0
Throwing       | |  0.8
Armour         | |  0.7
Dodging        | |  1.5
Spellcasting   | |  2.9

Action                     |  1- 3 |  4- 6 || total
---------------------------+-------+-------++-------
  Melee: Spear             |    88 |    18 ||   106
         Punch             |     1 |       ||     1
         Unarmed           |       |     1 ||     1
  Throw: Dart              |     3 |       ||     3
   Cast: Blink             |     1 |       ||     1
Ability: Spit Poison       |    36 |     1 ||    37
         Breathe Fire      |       |     1 ||     1
 Armour: Leather armour    |    44 |    13 ||    57
         Skin              |       |     1 ||     1
  Dodge: Dodged            |    27 |     9 ||    36
  Block: Buckler           |     3 |     6 ||     9
   Form: Dragon            |       |     2 ||     2
                           |       |     1 ||     1

Table legend: (Time is in decaauts)
 A = Elapsed time spent in this place.
 B = Non-inter-level travel time spent in this place.
 C = Inter-level travel time spent in this place.
 D = Time resting spent in this place.
 E = Time spent auto-exploring this place.
 F = Levels seen in this place.
 G = Mean time per level.
                   A        B        C        D        E       F      G
               +--------+--------+--------+--------+--------+-----+--------+
         Total |   3786 |   3588 |    198 |    357 |   2816 |   4 |  946.5 |
       Dungeon |   3786 |   3588 |    198 |    357 |   2816 |   4 |  946.5 |
               +--------+--------+--------+--------+--------+-----+--------+

Top non-repeatable levels by time:
     D:3: 1478 daAuts
     D:2: 1275 daAuts
     D:1: 997 daAuts
     D:4: 35 daAuts
